cohdb
Replays
Latest Replays
All Replays
Popular Replays
Top Player Replays
Match Explorer
How It Works
Community
CoH3 Stats
Reddit
Sign in to upload your games and track your stats! →
Sign in with Steam
Match 43484094
Unlisted
Match 43484094
Overview
Messages
Build Orders
End
Construct Infanterie Kompanie
Selects Mechanized Battlegroup
MG 42 Machine Gun Team
Kettenkrad Recon Vehicle
Grenadier Squad
Grenadier Squad
Construct Panzergrenadier Kompanie
MG 42 Bunker
GrW 34 Mortar Team
MG 42 Bunker
Pak 40 Anti-tank Gun Team
MG 42 Bunker
Construct Panzer Kompanie
Selects Raid Package
Selects StuG Assault Group
Selects UNKNOWN (2160084)
Medical Station
Panther Heavy Tank
Stoßtruppen Squad
Selects Spotting Scopes
Panzer Officer Quarters
MG 42 Bunker
Selects Wespe Self-propelled Artillery
Wespe Self-propelled Artillery
Repair Bunker
MG 42 Bunker
MG 42 Bunker
Stoßtruppen Squad
Repair Bunker
Pioneer Squad
MG 42 Bunker
RockWoo
MUDDYBOOTZ
LarryLuxus
BREEZE
Unmistaken
derbimo
JT9001
admiral_gnar
0
0
Comments
sign in to comment!
No comments posted yet!